 Dungeon Crawl Stone Soup version 0.31-a0-1612-g4aaf141 (webtiles) character file.

Game seed: 1204942847185617708

14 PidgeyThePirate the Ducker (level 2, -1/22 HPs)
             Began as a Demonspawn Gladiator on Jan 9, 2024.
             Frozen to death by an endoplasm (3 damage)
             ... on level 1 of the Dungeon.
             The game lasted 00:00:35 (345 turns).

PidgeyThePirate the Ducker (Demonspawn Gladiator)    Turns: 345, Time: 00:00:36

Health: -1/22      AC:  4    Str: 14    XL:     2   Next: 31%
Magic:  2/2        EV: 12    Int:  8    God:
Gold:   7          SH:  0    Dex: 14    Spells: 1/1 levels left

rFire   . . .        a - +0 rapier
rCold   . . .        (no shield)
rNeg    . . .        b - +0 leather armour
rPois   .            c - +0 helmet
rElec   .            (no cloak)
rCorr   .            (no gloves)
SInv    .            (no boots)
Will    .....        (no amulet)
Stlth   +            (no ring)
HPRegen 0.23/turn    (no ring)
MPRegen 0.08/turn

%: no passive effects
@: no status effects
A: foul stench 1
a: no special abilities


You were on level 1 of the Dungeon.
You visited 1 branch of the dungeon, and saw 1 of its levels.

You collected 7 gold pieces.

Inventory:

Hand Weapons
 a - a +0 rapier (weapon)
Missiles
 d - 3 throwing nets (quivered)
 e - a javelin
Armour
 b - a +0 leather armour (worn)
 c - a +0 helmet (worn)
Scrolls
 f - a scroll of teleportation {unknown}
Potions
 g - a potion of resistance {unknown}


   Skills:
 + Level 2.1 Fighting
 + Level 3.0 Short Blades
 + Level 1.8 Throwing
 + Level 3.0 Dodging


You had one spell level left.
You didn't know any spells.
Your spell library was empty.

Dungeon Overview and Level Annotations

Branches:
Dungeon (1/15)

Altars:


Innate Abilities, Weirdness & Mutations

You may rarely emit foul miasma when damaged in melee.


Message History

The hobgoblin closely misses you.
The ball python moves out of view.
You closely miss the hobgoblin. The bat barely misses you.
The hobgoblin barely misses you.
You hit the hobgoblin but do no damage. The bat hits you but does no damage.
The hobgoblin misses you. The quokka bites you.
You barely miss the hobgoblin. The bat barely misses you.
The hobgoblin closely misses you.
The quokka bites you but does no damage.
You hit the hobgoblin.
The hobgoblin is heavily wounded.
The bat barely misses you. The quokka closely misses you.
The kobold hits you with a +0 whip. The endoplasm freezes you.
You are frozen.
The hobgoblin hits you. The quokka barely misses you.
You closely miss the hobgoblin.
The hobgoblin is heavily wounded.
The bat barely misses you. The kobold closely misses you.
The endoplasm misses you. The hobgoblin hits you.
The quokka bites you but does no damage.
You hit the hobgoblin.
The hobgoblin is almost dead.
The bat closely misses you. The kobold hits you with a +0 whip.
The endoplasm freezes you.
You are frozen.
The hobgoblin hits you.
You emit a cloud of foul miasma!
The quokka bites you.
* * * LOW HITPOINT WARNING * * *
The bat hits you but does no damage.
The endoplasm hits you but does no damage.
The hobgoblin is engulfed in dark miasma.
The hobgoblin is poisoned.
The hobgoblin seems to slow down.
You kill the hobgoblin!
The kobold hits you with a +0 whip.
* * * LOW HITPOINT WARNING * * *
You hit the bat.
The bat is severely wounded.
The bat hits you but does no damage. The endoplasm barely misses you.
The kobold closely misses you. The endoplasm freezes you.
You are frozen.
You die...

######## ....... .#
.......# ....... .#
.......# .......#..
.......# .......##
.......# .......# #
)...)..# #.....##.#.
.......# #..☼r......
##############rKbJ......
...............#@#######
~~~~~~P .......#.....#
~~~~≈~~ .............#
~~~~≈~~. ###.........#
~~~~~~P.## #.........#
.......... #.........#
~~≈~~~P.#.##.........#
~~~~≈≈~.#..#.#####...#
~~~~≈~~.#..#'## #...#


You could see an endoplasm, a quokka, a bat, a kobold and a rat.

Vanquished Creatures
  A bat (D:1)
  An endoplasm (D:1)
  2 goblins (D:1)
  3 hobgoblins (D:1)
  A kobold (D:1)
  2 ball pythons (D:1)
  2 frilled lizards (D:1)
  A rat (D:1)
13 creatures vanquished.

Notes
Turn   | Place    | Note
-------+----------+-------------------------------------------
     0 | D:1      | PidgeyThePirate the Demonspawn Gladiator began the quest
                  | for the Orb.
     0 | D:1      | Reached XP level 1. HP: 16/16 MP: 1/1
   188 | D:1      | Gained mutation: You may rarely emit foul miasma when
                  | damaged in melee. [demonic ancestry]
   188 | D:1      | Reached XP level 2. HP: 22/22 MP: 2/2
   345 | D:1      | Frozen to death by an endoplasm

Illustrated notes

Levels and vault maps discovered:
D:1:      giann_bridges, layout_basic, minmay_pentomino_z4

Skill      XL: |  1  2 |
---------------+-------+-----
Dodging        | 3 |  3.0
Short Blades   | 3 |  3.0
Fighting       | |  2.1
Throwing       | |  1.8

Action                     || total
---------------------------++-------
  Melee: Rapier            ||    41
 Armour: Leather armour    ||    33
  Dodge: Dodged            ||    42

Table legend: (Time is in decaauts)
 A = Elapsed time spent in this place.
 B = Non-inter-level travel time spent in this place.
 C = Inter-level travel time spent in this place.
 D = Time resting spent in this place.
 E = Time spent auto-exploring this place.
 F = Levels seen in this place.
 G = Mean time per level.
                   A        B        C        D        E       F      G
               +--------+--------+--------+--------+--------+-----+--------+
         Total |    347 |    347 |      0 |      0 |    246 |   1 |  347.0 |
       Dungeon |    347 |    347 |      0 |      0 |    246 |   1 |  347.0 |
               +--------+--------+--------+--------+--------+-----+--------+

Top non-repeatable levels by time:
     D:1: 347 daAuts
